 Dungeon Crawl Stone Soup version 0.29-a0-414-g5075937ec3 (webtiles) character file.

Game seed: 9157854693621410445

861 dolemite99 the Spear-Bearer (level 8, 0/56 HPs)
             Began as a Merfolk Gladiator on May 15, 2022.
             Was a Priest of Makhleb.
             Succumbed to a gnoll's poison
             ... on level 5 of the Dungeon.
             The game lasted 00:07:50 (6794 turns).

dolemite99 the Spear-Bearer (Merfolk Gladiator)     Turns: 6794, Time: 00:07:51

Health: 0/56       AC: 22    Str: 16    XL:     8   Next: 2%
Magic:  11/12      EV:  8    Int:  7    God:    Makhleb [***...]
Gold:   184        SH:  0    Dex: 16    Spells: 7/7 levels left

rFire   + . .      SeeInvis .   a - +1 trident
rCold   . . .      Faith    .   (no shield)
rNeg    . . .      Spirit   .   r - +8 chain mail of the True Pharaoh {rF+}
rPois   .          Reflect  .   c - +1 helmet
rElec   .          Harm     .   (no cloak)
rCorr   .          Rampage  .   j - +1 pair of gloves
Will    .....                   o - +1 pair of boots
Stlth   ..........              (no amulet)
HPRegen 0.18/turn               (no ring)
MPRegen 0.13/turn               (no ring)

@: lethally poisoned (0 -> -21)
A: (nimble swimmer 2), mertail
a: Renounce Religion, Minor Destruction, Lesser Servant of Makhleb


You were on level 5 of the Dungeon.
You worshipped Makhleb.
Makhleb was most pleased with you.
You visited 1 branch of the dungeon, and saw 5 of its levels.

You collected 348 gold pieces.
You spent 164 gold pieces at shops.

Inventory:

Hand Weapons
 a - a +1 trident (weapon)
Missiles
 d - a throwing net (quivered)
 e - 11 javelins
 g - 12 poisoned darts
 h - 188 stones
 t - 6 atropa-tipped darts
Armour
 c - a +1 helmet (worn)
 j - a +1 pair of gloves (worn)
 o - a +1 pair of boots (worn)
 r - the +8 chain mail of the True Pharaoh (worn) {rF+}
   (You took it off an orc on level 4 of the Dungeon)

   rF:        It protects you from fire.
Jewellery
 q - a ring of willpower
Wands
 k - a wand of acid (4)
Scrolls
 i - 2 scrolls of poison
 p - 4 scrolls of teleportation
Potions
 b - 2 potions of mutation {unknown}
 f - a potion of ambrosia
 l - a potion of lignification {unknown}
 m - a potion of degeneration {unknown}
 s - 2 potions of flight
 u - a potion of brilliance {unknown}
 w - 2 potions of magic
 x - a potion of berserk rage


   Skills:
 - Level 2.1 Fighting
 - Level 10.0 Polearms
 - Level 2.0 Throwing
 - Level 4.0 Dodging
 + Level 5.5 Invocations


You had 7 spell levels left.
You didn't know any spells.
Your spell library contained the following spells:

 Spells                   Type           Power      Damage    Failure   Level
 Animate Skeleton         Necr           0%         N/A       100%        1
 Pain                     Necr           0%         1d4       100%        1
 Sandblast                Erth           0%         2d4       100%        1
 Passwall                 Tmut/Erth      0%         N/A       100%        2
 Scorch                   Fire           0%         2d5       100%        2
 Ignite Poison            Fire/Tmut/Pois 0%         N/A       100%        3
 Mephitic Cloud           Conj/Pois/Air  0%         N/A       100%        3
 Stone Arrow              Conj/Erth      0%         3d7       100%        3
 Vampiric Draining        Necr           0%         2d6       100%        3
 Flame Wave               Conj/Fire      0%         2d4       100%        4
 Freezing Cloud           Conj/Ice/Air   0%         6-21      100%        5
 Summon Cactus Giant      Summ           0%         N/A       100%        6


Dungeon Overview and Level Annotations

Branches:
Dungeon (5/15)
 Temple: D:4-7

Altars:
Dithmenos
Makhleb
Qazlal
Yredelemnul
The Shining One

Shops:
D:1 (   D:2 *?[!?


Innate Abilities, Weirdness & Mutations

((You are very nimble when in or above water. (Stealth+, EV+, Speed+++)))
Your lower body shifts to a powerful aquatic tail in water.


Message History

The shadow imp is almost dead.
The shadow imp gestures at you.
You struggle to resist.
The gnoll hits you but does no damage.
You closely miss the shadow imp.
The shadow imp is almost dead.
The shadow imp hits you but does no damage.
The gnoll closely misses you.
You closely miss the shadow imp.
The shadow imp is almost dead.
You hit the shadow imp.
You kill the shadow imp!
Makhleb accepts your kill.
You feel better. The gnoll hits you but does no damage.
The gnoll hits you with a +0 spear. The gnoll hits you but does no damage.
You are poisoned.
An orc comes into view. It is wielding a +0 dagger.
Things that are here:
a +0 flail; a necrophage corpse You puncture the gnoll!
The gnoll is heavily wounded.
You feel sick. The gnoll hits you but does no damage.
The gnoll hits you from afar with a +0 halberd of venom!
* * * LOW HITPOINT WARNING * * *
You are more poisoned.
You hit the gnoll but do no damage.
The gnoll is heavily wounded.
* * * LOW HITPOINT WARNING * * *
You feel very sick. The gnoll completely misses you.
The gnoll hits you but does no damage.
You are more poisoned.
Aiming: Minor Destruction (1% risk of failure)
Press: ? - help, Shift-Dir - straight line, f - gnoll
Aim: a gnoll, wielding a +0 spear (heavily wounded)
The glob of acid hits the gnoll!!
The acid splashes onto the gnoll!
The gnoll is splashed with acid.
The acid corrodes the gnoll!
You kill the gnoll!
Makhleb accepts your kill.
You can now summon a lesser servant of Makhleb.
You feel better.
You die...

#.# #. #... #.
######.## .. #.#.
#.# #.......# ..
# #.#g ..
#.......# ..
#.#...
#.###.......#
....g
..##.......# ...
#.##.......#
#)####..#.......#
#og)@...#.......#
#######..#####.##
#..# #.# #..# ..#
#..# ..# #..#
...# #... #.#. #.
.


You could see a gnoll (corroded) and an orc.

Vanquished Creatures
  Grinder (D:3)
  2 ogres
  2 scorpions (D:5)
  A necrophage (D:5)
  A hound (D:4)
  Jessica (D:3)
  Terence (D:2)
  10 gnolls
  4 adders
  A shadow imp (D:5)
  5 dart slugs
  An orc (D:4)
  4 bats
  3 endoplasms
  2 giant cockroaches
  3 goblins
  6 hobgoblins
  18 jackals
  7 kobolds
  3 quokkas
  5 ball pythons
  6 frilled lizards
  4 rats
91 creatures vanquished.

Notes
Turn   | Place    | Note
-------+----------+-------------------------------------------
     0 | D:1      | dolemite99 the Merfolk Gladiator began the quest for the
                  | Orb.
     0 | D:1      | Reached XP level 1. HP: 16/16 MP: 1/1
   114 | D:1      | Reached XP level 2. HP: 21/22 MP: 2/2
   120 | D:1      | Reached skill level 5 in Polearms
  1263 | D:1      | Reached XP level 3. HP: 27/27 MP: 3/3
  1453 | D:1      | Found Zoruth's Antique Weapon Boutique.
  1637 | D:2      | Found Vuhughos's Magic Scroll Boutique.
  1644 | D:2      | Bought a scroll of teleportation for 39 gold pieces
  1767 | D:2      | Found a faded altar of an unknown god.
  1783 | D:2      | Prayed at the altar of an unknown god.
  1783 | D:2      | Became a worshipper of Makhleb the Destroyer
  1783 | D:2      | Reached * piety under Makhleb
  1878 | D:2      | Found Lukhlu's Assorted Antiques.
  1965 | D:2      | Found Iceurch's Antique Armour Shoppe.
  2028 | D:2      | Reached skill level 6 in Polearms
  2039 | D:2      | Reached XP level 4. HP: 13/33 MP: 4/4
  2512 | D:2      | Found Keode's Magic Scroll Shoppe.
  2537 | D:2      | Bought a scroll of teleportation for 42 gold pieces
  2617 | D:2      | Found Befudui's Distillery.
  2652 | D:2      | Reached skill level 7 in Polearms
  2726 | D:2      | Reached ** piety under Makhleb
  3048 | D:2      | Noticed Terence
  3068 | D:2      | Killed Terence
  3069 | D:2      | Reached XP level 5. HP: 13/38 MP: 5/5
  3978 | D:3      | Reached skill level 8 in Polearms
  4069 | D:3      | Found a glowing golden altar of the Shining One.
  4069 | D:3      | Noticed Grinder
  4088 | D:3      | Paralysed by Grinder for 3 turns
  4095 | D:3      | Paralysed by Grinder for 3 turns
  4099 | D:3      | Killed Grinder
  4100 | D:3      | Reached skill level 9 in Polearms
  4100 | D:3      | Reached XP level 6. HP: 16/44 MP: 6/6
  5128 | D:3      | Noticed Jessica
  5134 | D:3      | Killed Jessica
  5135 | D:3      | Reached skill level 10 in Polearms
  5155 | D:3      | Reached XP level 7. HP: 50/50 MP: 7/7
  5331 | D:4      | Found a basalt altar of Yredelemnul.
  5795 | D:4      | Found a shadowy altar of Dithmenos.
  5909 | D:4      | Identified the +8 chain mail of the True Pharaoh {rF+}
  6130 | D:2      | Bought a scroll labelled WENNAE KEABE for 17 gold pieces
  6130 | D:2      | Bought a scroll of teleportation for 51 gold pieces
  6130 | D:2      | Bought a fizzy ruby potion for 15 gold pieces
  6533 | D:4      | Found a burning altar of Makhleb.
  6629 | D:5      | Entered Level 5 of the Dungeon
  6684 | D:5      | Found a stormy altar of Qazlal.
  6777 | D:5      | Reached skill level 5 in Invocations
  6786 | D:5      | Reached XP level 8. HP: 20/56 MP: 10/12
  6794 | D:5      | Reached *** piety under Makhleb
  6794 | D:5      | Succumbed to a gnoll's poison

Illustrated notes

Levels and vault maps discovered:
D:1:      dpeg_arrival_snail, layout_basic, serial_shops,
          nicolae_shop_hallway_plus
D:2:      layout_loops_corners, serial_shops, nicolae_shop_window_shopping,
          nicolae_shop_crystal, shop, shop, shop,
          dreamdust_ecumenical_altar_hidden_monk_grotto, uniq_terence
D:3:      layout_basic, tso_metal_star, minmay_distorted, uniq_jessica,
          uniq_grinder
D:4:      layout_cave_pools, general_overflow_altar,
          mainiacjoe_overflow_catwalk, amcnicky_altar_gilded
D:5:      layout_basic, mainiacjoe_overflow_small_starburst,
          lemuel_temple_firewalk_a, lightli_corner_chamber

Skill      XL: |  1  2  3  4  5  6  7 |
---------------+----------------------+-----
Polearms       | 5 6 7 9 10 | 10.0
Invocations    | 5 |  5.5
Fighting       | |  2.1
Throwing       | |  2.0
Dodging        | |  4.0

Action                   |  1- 3 |  4- 6 |  7- 9 || total
-------------------------+-------+-------+-------++-------
Melee: Trident           |    99 |   173 |    15 ||   287
       Punch             |     1 |     2 |       ||     3
Throw: Throwing net      |     3 |     2 |       ||     5
       Dart              |       |     2 |       ||     2
Invok: Minor Destruction |       |     2 |    64 ||    66
  Use: Potion            |     3 |     1 |       ||     4
       Scroll            |       |     8 |     6 ||    14
 Stab: Held in net/web   |       |     2 |       ||     2
Armor: Leather armour    |    10 |       |       ||    10
       Chain mail        |    32 |    64 |    26 ||   122
Dodge: Dodged            |    60 |    63 |    15 ||   138

Table legend: (Time is in decaauts)
 A = Elapsed time spent in this place.
 B = Non-inter-level travel time spent in this place.
 C = Inter-level travel time spent in this place.
 D = Time resting spent in this place.
 E = Time spent auto-exploring this place.
 F = Levels seen in this place.
 G = Mean time per level.
                   A        B        C        D        E       F      G
               +--------+--------+--------+--------+--------+-----+--------+
         Total |   6779 |   6606 |    173 |   2828 |   2836 |   5 | 1355.8 |
       Dungeon |   6779 |   6606 |    173 |   2828 |   2836 |   5 | 1355.8 |
               +--------+--------+--------+--------+--------+-----+--------+

Top non-repeatable levels by time:
     D:2: 2094 daAuts
     D:3: 1855 daAuts
     D:1: 1636 daAuts
     D:4: 1031 daAuts
     D:5: 163 daAuts
